 Dungeon Crawl Stone Soup version 0.31-a0-202-g547052bce9 (webtiles) character file.

Game seed: 3916611400115870887

27849 CoordinateN the Severer (level 13, -1/119 HPs)
             Began as a Minotaur Berserker on June 27, 2023.
             Was a Priest of Trog.
             Slain by a manticore (9 damage)
             ... summoned by Kirke
             ... on level 3 of the Lair of Beasts.
             The game lasted 01:03:47 (17006 turns).

CoordinateN the Severer (Minotaur Berserker)       Turns: 17006, Time: 01:03:47

Health: -1/119     AC:  0    Str: 27    XL:     13   Next: 6%
Magic:  12/12      EV: 14    Int:  4    God:    Trog [***...]
Gold:   631        SH:  0    Dex: 10    Spells: 12/12 levels left

rFire   . . .        d - melded +2 battleaxe (heavy)
rCold   . . .        (shield currently unavailable)
rNeg    . . .        h - melded +0 chain mail
rPois   .            (helmet currently unavailable)
rElec   .            (cloak currently unavailable)
rCorr   .            (gloves currently unavailable)
SInv    .            (boots currently unavailable)
Will    ++...        (no amulet)
Stlth   +            g - melded ring of Otoawnen {+Blink rC+ rN+ Dex+3 Stlth+}
HPRegen 1.39/turn    D - melded ring of see invisible
MPRegen 0.13/turn

%: no passive effects
@: pig-form, strong-willed, on berserk cooldown, regenerating, slowed
A: fast, no casting, small, (horns 2), (retaliatory headbutt)
a: Renounce Religion, Berserk, Trog's Hand


You were on level 3 of the Lair of Beasts.
You worshipped Trog.
Trog was most pleased with you.
You were a filthy swine.
You visited 3 branches of the dungeon, and saw 15 of its levels.

You collected 631 gold pieces.

Inventory:

Hand Weapons
 a - a +1 hand axe
 d - a +2 heavy battleaxe (melded)
Missiles
 H - 2 throwing nets
Armour
 b - a +0 animal skin
 h - a +0 chain mail (melded)
Jewellery
 c - a ring of magical power
 g - the ring of Otoawnen (melded) {+Blink rC+ rN+ Dex+3 Stlth+}
   (You acquired it on level 1 of the Lair of Beasts)

   [ring of protection from cold]

   Dex:       It affects your dexterity (+3).
   rC:        It protects you from cold.
   rN:        It protects you from negative energy.
   +Blink:    It lets you blink.
   Stlth:     It makes you more stealthy.
 r - a ring of positive energy
 y - a ring of flight
 D - a ring of see invisible (melded)
 F - a ring of ice
 I - a ring of resist corrosion
 N - a ring of protection from fire
Wands
 m - a wand of mindburst (3)
 v - a wand of quicksilver (4)
 w - a wand of polymorph (11)
 A - a wand of paralysis (10)
 B - a wand of roots (5)
 L - a wand of flame (8) (quivered)
Scrolls
 j - 3 scrolls of vulnerability
 k - 4 scrolls of teleportation
 q - a scroll of blinking
 s - 3 scrolls of revelation
 t - 2 scrolls of identify
 z - 4 scrolls of noise
 C - a scroll of amnesia
 E - 2 scrolls of silence
 G - a scroll of acquirement
Potions
 e - 2 potions of curing
 f - 5 potions of attraction
 i - 3 potions of haste
 l - 5 potions of mutation
 n - a potion of heal wounds
 o - 5 potions of degeneration
 p - 3 potions of lignification
 u - a potion of might
 x - a potion of brilliance
 M - a potion of berserk rage


   Skills:
 + Level 12.9 Fighting
 - Level 19.7 Axes
 + Level 12.6 Armour
 - Level 2.5 Dodging


You had 12 spell levels left.
You didn't know any spells.
Your spell library was empty.

Dungeon Overview and Level Annotations

Branches:
Dungeon (10/15)            Temple (1/1) D:7            Lair (4/5) D:9
  Swamp (0/4) Lair:3        Snake (0/4) Lair:3
  Slime: Lair:4-5       Orc: D:9-12

Altars:
Ashenzari
Cheibriados
Dithmenos
Elyvilon
Fedhas
Gozag
Hepliaklqana
Kikubaaqudgha
Makhleb
Nemelex Xobeh
Okawaru
Qazlal
Ru
Sif Muna
Uskayaw
Wu Jian
Xom
Yredelemnul
Zin
The Shining One

Annotations:
D:9 1 runed translucent door
Lair:3 Kirke


Innate Abilities, Weirdness & Mutations

You are a filthy swine.
You move quickly.
Your equipment is almost entirely melded.
You are incapable of wielding weapons or throwing items.
You cannot cast spells.
((You have a pair of horns on your head.))
((You reflexively headbutt those who attack you in melee.))


Message History

You feel as though you will be slow longer.
You barely miss Kirke.
Kirke is heavily wounded.
The hog bites you!
Kirke mumbles some strange words.
Kirke summons a manticore!
You maul Kirke!!
Kirke is severely wounded.
The hog bites you!
You bite Kirke!
Kirke is almost dead.
The manticore completely misses you. The manticore closely misses you.
The manticore barely misses you. Kirke misses you. The hog closely misses you.
You closely miss Kirke.
Kirke is almost dead.
You are no longer berserk.
You are exhausted.
You feel as though you will be slow longer.
The hog bites you. The manticore bites you!
The manticore completely misses you. The manticore barely misses you.
Kirke hits you!
You are too injured to fight recklessly!
You are too injured to fight recklessly!
You are too injured to fight recklessly!
You closely miss Kirke.
Kirke is almost dead.
The hog barely misses you. The manticore bites you!!
* * * LOW HITPOINT WARNING * * *
The manticore claws you!
* * * LOW HITPOINT WARNING * * *
The manticore claws you.
* * * LOW HITPOINT WARNING * * *
Kirke points at you and mumbles some strange words.
You feel as though you will be slow longer.
Your skin crawls.
You feel strong-willed. The hog bites you!
* * * LOW HITPOINT WARNING * * *
The manticore bites you!
You die...

▒▒∙∙∙∙∙▒∙▒▒∙∙∙∙∙∙∙∙▒ ▒▒▒▒∙▒▒∙▒∙
▒∙∙∙∙∙∙∙∙∙∙∙∙∙∙∙∙∙∙▒ ▒▒▒∙∙∙∙∙∙∙∙∙
∙∙∙∙∙∙∙∙∙∙∙∙∙∙∙∙∙∙∙▒▒▒∙∙∙∙∙▒▒▒∙∙▒
▒∙∙∙∙∙∙∙▒∙∙∙∙▒▒∙∙∙∙∙∙∙∙∙∙∙▒▒ ▒▒▒▒
▒▒▒▒∙∙∙∙∙∙∙∙∙∙▒∙∙∙∙∙∙▒∙∙∙▒∙▒
▒▒∙▒▒∙∙∙∙∙∙∙∙∙∙∙∙∙▒▒▒∙∙▒▒▒ ▒▒▒
▒∙∙▒∙∙∙∙∙∙∙∙∙∙∙∙∙∙∙∙▒∙∙∙▒▒▒▒▒∙∙
▒▒∙∙∙∙∙∙∙∙∙∙<∙∙@∙∙∙∙∙∙∙∙∙∙∙∙∙∙▒
▒∙∙∙∙∙∙∙∙∙∙∙∙∙h∙∙∙∙∙∙∙∙∙∙▒▒∙▒∙∙
▒▒∙∙∙∙∙∙∙∙∙∙∙H▒h∙∙∙∙∙∙∙∙P▒▒▒▒∙∙
▒▒▒▒▒∙∙∙∙∙∙∙▒∙∙∙∙∙∙∙▒▒▒▒∙∙∙▒ ▒∙∙▒
∙∙▒▒▒∙∙∙∙∙∙∙▒▒∙P∙∙▒▒▒ ▒∙∙▒▒▒▒∙∙∙
∙∙∙∙∙∙>∙∙∙∙∙∙∙∙∙∙∙∙▒ ▒▒∙▒∙∙P∙∙▒
∙∙▒∙∙∙∙∙∙▒▒∙∙▒∙▒∙∙P▒ ▒∙∙∙∙∙∙∙∙
∙▒∙∙∙∙▒∙▒▒▒∙▒▒∙∙∙∙▒▒ ▒▒▒▒▒∙P∙∙
▒▒∙∙∙▒▒∙▒▒∙∙▒▒∙▒∙∙P▒ ▒▒∙∙∙
▒▒▒∙∙▒∙∙▒▒∙∙∙∙∙▒▒∙▒▒ ▒▒∙∙


You could see Kirke, a manticore (summoned) and a hog.

Vanquished Creatures
  3 hydras
  A catoblepas (Lair:1)
  A two-headed ogre (D:8)
  2 skysharks (Lair:3)
  A lindwurm (Lair:3)
  8 elephants
  Joseph (D:8)
  A torpor snail (Lair:3)
  10 cane toads
  A rime drake (Lair:3)
  Maggie (D:9)
  A kobold demonologist (D:9)
  8 komodo dragons
  A polar bear (Lair:3)
  12 blink frogs
  6 dream sheep (Lair:3)
  3 slime creatures (D:9)
  Sigmund (D:5)
  A wraith (D:8)
  3 wyverns
  A hog (Lair:3)
  20 yaks
  Grum (Lair:1)
  3 basilisks
  3 wargs (D:9)
  2 swamp worms (Lair:3)
  9 water moccasins
  Duvessa (D:5)
  A black bear (D:7)
  3 ice beasts
  2 sky beasts
  4 orc warriors
  10 wolves
  3 centaurs
  5 phantoms
  2 kobold brigands
  11 bullfrogs
  A gnoll sergeant (D:7)
  A scorpion (D:5)
  4 wights (D:8)
  Dowan (D:5)
  A quasit (D:8)
  4 hounds
  4 jellies
  4 orc priests
  Crazy Yiuf (D:7)
  3 iguanas
  8 orc wizards
  2 sleepcaps
  12 gnolls
  8 adders
  A shadow imp (D:8)
  2 white imps (D:8)
  5 ufetubi
  2 worms
  4 dart slugs
  34 orcs
  5 ball pythons
  6 endoplasms
  2 giant cockroaches
  6 goblins
  6 hobgoblins
  16 kobolds
  2 quokkas
  4 bats
  A frilled lizard (D:1)
  A goblin zombie (D:9)
  A kobold zombie (D:9)
  5 rats
304 creatures vanquished.

Notes
Turn   | Place    | Note
-------+----------+-------------------------------------------
     0 | D:1      | CoordinateN the Minotaur Berserker began the quest for the
                  | Orb.
     0 | D:1      | Reached XP level 1. HP: 19/19 MP: 0/0
   178 | D:1      | Found a faded altar of an unknown god.
   181 | D:1      | Reached XP level 2. HP: 27/27 MP: 1/1
   743 | D:1      | Identified a scroll of acquirement
   743 | D:1      | Acquired a +2 vampiric battleaxe
   795 | D:2      | Reached skill level 4 in Axes
   853 | D:2      | Reached XP level 3. HP: 33/33 MP: 2/2
   925 | D:2      | Reached ** piety under Trog
  1070 | D:2      | Reached skill level 5 in Axes
  1279 | D:3      | Reached XP level 4. HP: 40/40 MP: 3/3
  1520 | D:3      | Identified the +0 robe of the Albatross {rElec rC+++ rCorr}
  1943 | D:4      | Found a broken altar of Ashenzari.
  1980 | D:4      | Noticed a phantom
  1987 | D:4      | Killed a phantom
  1988 | D:4      | Reached skill level 6 in Axes
  1988 | D:4      | Reached XP level 5. HP: 46/46 MP: 4/4
  2129 | D:4      | Reached skill level 7 in Axes
  2679 | D:5      | Entered Level 5 of the Dungeon
  2679 | D:5      | Noticed a phantom
  2763 | D:5      | Reached XP level 6. HP: 48/52 MP: 5/5
  2999 | D:5      | Reached skill level 8 in Axes
  3497 | D:5      | Reached skill level 9 in Axes
  3520 | D:5      | Reached XP level 7. HP: 58/58 MP: 6/6
  3644 | D:5      | Reached *** piety under Trog
  3703 | D:5      | Noticed Duvessa
  3704 | D:5      | Reached skill level 10 in Axes
  3705 | D:5      | Noticed Dowan
  3714 | D:5      | Killed Duvessa
  3721 | D:5      | Killed Dowan
  3903 | D:5      | Noticed Sigmund
  3920 | D:5      | Killed Sigmund
  3921 | D:5      | Reached skill level 11 in Axes
  3921 | D:5      | Reached XP level 8. HP: 63/66 MP: 7/7
  4331 | D:6      | Reached skill level 12 in Axes
  5501 | D:7      | Found a glowing silver altar of Zin.
  5550 | D:7      | Reached skill level 13 in Axes
  5877 | D:7      | Found an ancient bone altar of Kikubaaqudgha.
  5919 | D:7      | Reached skill level 14 in Axes
  5921 | D:7      | Reached XP level 9. HP: 23/71 MP: 8/8
  6209 | D:7      | Found a staircase to the Ecumenical Temple.
  6368 | D:7      | Found a runed translucent door.
  6369 | D:7      | Noticed Crazy Yiuf
  6373 | D:7      | Killed Crazy Yiuf
  6486 | Temple   | Entered the Ecumenical Temple
  6981 | D:8      | Reached skill level 15 in Axes
  6998 | D:8      | Reached **** piety under Trog
  7182 | D:8      | Noticed Joseph
  7193 | D:8      | Killed Joseph
  7434 | D:8      | Reached skill level 16 in Axes
  7560 | D:8      | Found a hide-covered altar of Uskayaw.
  7774 | D:9      | Noticed a two-headed ogre
  7792 | D:8      | Killed a two-headed ogre
  7793 | D:8      | Reached XP level 10. HP: 78/78 MP: 9/9
  7831 | D:8      | Reached skill level 17 in Axes
  7967 | D:9      | Noticed a sixfirhy
  7968 | D:9      | Noticed a rust devil
  8066 | D:9      | Found a runed translucent door.
  8070 | D:9      | Found a basalt altar of Yredelemnul.
  8186 | D:9      | Noticed Maggie
  8203 | D:9      | Found a staircase to the Lair.
  8206 | D:9      | Killed Maggie
  8370 | D:9      | Found a sparkling altar of Nemelex Xobeh.
  8370 | D:9      | Found an opulent altar of Gozag.
  8467 | D:9      | Reached skill level 18 in Axes
  8770 | D:9      | Identified the +1 leather armour of Parlour Games {*Corrode
                  | Int+5}
  8924 | D:10     | Entered Level 10 of the Dungeon
  9084 | D:10     | Noticed a two-headed ogre
  9154 | Lair:1   | Entered Level 1 of the Lair of Beasts
  9187 | Lair:1   | Noticed a seven-headed hydra
  9198 | Lair:1   | Reached skill level 19 in Axes
  9199 | Lair:1   | Killed a ten-headed hydra
  9221 | Lair:1   | HP: 2/78 [komodo dragon (24)]
  9228 | Lair:1   | Reached XP level 11. HP: 11/83 MP: 10/10
 10061 | Lair:1   | Noticed Grum
 10092 | D:9      | Reached skill level 5 in Fighting
 10341 | Lair:1   | Killed Grum
 10594 | D:9      | Reached skill level 5 in Armour
 11299 | Lair:1   | Acquired the ring of Otoawnen {+Blink rC+ rN+ Dex+3 Stlth+}
 12331 | Lair:2   | Noticed a catoblepas
 12366 | Lair:1   | Killed a catoblepas
 12650 | Lair:2   | Reached XP level 12. HP: 104/104 MP: 11/11
 13903 | Lair:3   | Reached skill level 10 in Fighting
 14374 | Lair:3   | Reached skill level 10 in Armour
 14639 | Lair:3   | Found a staircase to the Snake Pit.
 15882 | Lair:3   | Identified the +1 robe of Submission {Fly rN+ Regen+ Dex-3}
 16508 | Lair:3   | Noticed a four-headed hydra
 16519 | Lair:3   | Killed a seven-headed hydra
 16520 | Lair:3   | Reached XP level 13. HP: 85/119 MP: 12/12
 16843 | Lair:3   | Found a staircase to the Swamp.
 16989 | Lair:4   | Noticed Kirke
 17006 | Lair:3   | Slain by a manticore

Illustrated notes

Levels and vault maps discovered:
D:1:      scummos_arrival_hexagon, layout_loops_cross,
          shapermc_ecumenical_altar_flowoftime, hangedman_decor_growths
D:2:      layout_rooms
D:3:      layout_basic
D:4:      layout_basic, nicolae_ashenzari_skybound
D:5:      layout_basic, uniq_duvessa, uniq_sigmund
D:6:      layout_layer_cave
D:7:      layout_basic, mainiacjoe_overflow_alcove_4,
          mainiacjoe_overflow_cross_hatched, minmay_temple_entry_purple_smoke,
          uniq_crazy_yiuf_cottage
D:8:      layout_rooms, nicolae_uskayaw_suspiria, serial_demonic,
          serial_demonic_c, serial_demonic_f, serial_demonic_g,
          serial_demonic_f, chequers_serial_rivers_room_a, uniq_joseph
D:9:      layout_gridville, dk_yredelemnul_ordeal,
          grunt_temple_overflow_opulence, erik_lair_orcish_takeover, uniq_maggie
D:10:     layout_loops_ring, jmf_multi_god_temple,
          kennysheep_orc_monster_closet_entryway, uniq_nergalle
Temple:   nicolae_temple_bog_church
Lair:1:   layout_hall_layers, grunt_megastairs_3, uniq_grum
Lair:2:   layout_small_grid, nicolae_volcano_entry_lava_flow,
          serial_bayou_shore_b, lemuel_fruit_fields
Lair:3:   layout_loops_ring, palyth_hydra_swamp_entry, dummy_snake_entry,
          nicolae_lair_lindhole, infiniplex_staircase_pool_2
Lair:4:   layout_roguey, nzn_masters_of_martial_movement, lemuel_fruit_tree,
          uniq_kirke

Skill      XL: |  1  2  3  4  5  6  7  8  9 10 11 12 |
---------------+-------------------------------------+-----
Axes           | 4 5 6 7 9 11 14 16 19 | 19.7
Fighting       | 9 12 | 12.9
Armour         | 8 12 | 12.6
Dodging        | |  2.5

Action                     |  1- 3 |  4- 6 |  7- 9 | 10-12 | 13-15 || total
---------------------------+-------+-------+-------+-------+-------++-------
  Melee: Hand axe          |    23 |       |       |       |       ||    23
         Headbutt          |     9 |    11 |    39 |    57 |     5 ||   121
         Battleaxe         |    44 |    90 |   216 |   357 |    10 ||   717
         Unarmed           |       |       |       |       |    11 ||    11
 Invoke: Berserk           |       |     2 |     5 |    15 |     2 ||    24
         Trog's Hand       |       |       |     1 |     9 |     1 ||    11
Ability: Evoke Blink       |       |       |       |     1 |       ||     1
  Evoke: Wand              |       |       |     1 |    12 |       ||    13
    Use: Scroll            |     5 |       |       |    23 |       ||    28
         Potion            |       |       |       |     4 |       ||     4
   Stab: Paralysed         |       |       |     2 |       |       ||     2
         Fleeing           |       |       |       |     1 |       ||     1
 Armour: Animal skin       |     1 |       |       |       |       ||     1
         Chain mail        |    21 |    47 |   107 |   155 |    14 ||   344
  Dodge: Dodged            |    32 |    41 |    95 |   197 |    18 ||   383

Table legend: (Time is in decaauts)
 A = Elapsed time spent in this place.
 B = Non-inter-level travel time spent in this place.
 C = Inter-level travel time spent in this place.
 D = Time resting spent in this place.
 E = Time spent auto-exploring this place.
 F = Levels seen in this place.
 G = Mean time per level.
                   A        B        C        D        E       F      G
               +--------+--------+--------+--------+--------+-----+--------+
         Total |  17337 |  16686 |    651 |   5092 |   8590 |  15 | 1155.8 |
       Dungeon |   9970 |   9444 |    526 |   1766 |   6138 |  10 |  997.0 |
        Temple |    235 |    214 |     21 |      0 |    212 |   1 |  235.0 |
          Lair |   7131 |   7028 |    103 |   3326 |   2240 |   4 | 1782.8 |
               +--------+--------+--------+--------+--------+-----+--------+

Top non-repeatable levels by time:
  Lair:1: 2861 daAuts
  Lair:3: 2587 daAuts
     D:9: 2134 daAuts
  Lair:2: 1681 daAuts
     D:5: 1455 daAuts
     D:6: 1310 daAuts
     D:7: 1193 daAuts
     D:8: 999 daAuts
     D:4: 852 daAuts
     D:1: 792 daAuts
     D:3: 632 daAuts
     D:2: 488 daAuts
  Temple: 235 daAuts
    D:10: 110 daAuts
  Lair:4: 1 daAuts
